 Dungeon Crawl Stone Soup version 0.31-a0-187-gba352fbbf7 (webtiles) character file.

Game seed: 602642974565328861

57 qw the Shooter (level 3, -1/20 HPs)
             Began as a Deep Elf Hunter on June 22, 2023.
             Slain by a gnoll
             ... wielding a +0 whip
              (8 damage)
             ... on level 2 of the Dungeon.
             The game lasted 00:00:23 (994 turns).

qw the Shooter (Deep Elf Hunter)                     Turns: 994, Time: 00:00:24

Health: -1/20      AC:  5    Str: 10    XL:     3   Next: 73%
Magic:  5/5        EV:  6    Int: 13    God:
Gold:   28         SH:  0    Dex: 18    Spells: 2/2 levels left

rFire   . . .        Y - +1 shortbow
rCold   . . .        (shield currently unavailable)
rNeg    . . .        e - +0 ring mail
rPois   .            (no helmet)
rElec   .            (no cloak)
rCorr   .            (no gloves)
SInv    .            (no boots)
Will    .....        (no amulet)
Stlth   +            (no ring)
HPRegen 0.23/turn    (no ring)
MPRegen 0.09/turn

%: no passive effects
@: held
A: no striking features
a: no special abilities


You were on level 2 of the Dungeon.
You visited 1 branch of the dungeon, and saw 2 of its levels.

You collected 28 gold pieces.


   Skills:
 - Level 1.5 Fighting
 + Level 7.2 Ranged Weapons
 - Level 2.4 Dodging
 - Level 1.2 Stealth


You had 2 spell levels left.
You didn't know any spells.
Your spell library was empty.

Inventory:

Hand Weapons
 Y - a +1 shortbow (weapon)
Armour
 e - a +0 ring mail (worn)
Potions
 a - a potion of degeneration {unknown}
 b - a potion of attraction {unknown}
 d - 2 potions of lignification {unknown}

Dungeon Overview and Level Annotations

Branches:
Dungeon (2/15)

Altars:

Shops:
D:1 *


Message History

You shoot an arrow. The arrow closely misses the gnoll.
You hear a shout!
A gnoll comes into view. It is wielding a +0 club.
You shoot an arrow. The arrow hits the gnoll!
You kill the gnoll!
Your Ranged Weapons skill increases to level 7!
You shoot an arrow. The arrow hits the gnoll!
The gnoll is heavily wounded.
A gnoll comes into view. It is wielding a +0 spear.
You shoot an arrow.
The arrow hits the gnoll but does no damage.
The gnoll is heavily wounded.
You shoot an arrow. The arrow barely misses the gnoll.
The gnoll barely misses you.
You shoot an arrow.
The arrow hits the gnoll but does no damage.
The gnoll is heavily wounded.
The gnoll hits you but does no damage. The gnoll barely misses you.
You shoot an arrow. The arrow hits the gnoll.
The gnoll is severely wounded.
The gnoll closely misses you. The gnoll hits you but does no damage.
The gnoll completely misses you. The gnoll misses you.
The gnoll hits you but does no damage. The gnoll hits you with a +0 whip.
You shoot an arrow. The arrow hits the gnoll.
The gnoll is almost dead.
The gnoll hits you from afar with a +0 spear.
The gnoll barely misses you.
You shoot an arrow. The arrow hits the gnoll.
You kill the gnoll!
The gnoll hits you with a +0 whip.
The gnoll throws a throwing net.
The throwing net hits you.
You become entangled in the net!
You tear a large gash into the net.
The gnoll barely misses you. x2
You struggle against the net.
The gnoll hits you from afar with a +0 spear.
The gnoll barely misses you.
You struggle against the net.
The gnoll hits you from afar with a +0 spear.
The gnoll hits you with a +0 whip!
You die...

.........##)....#..#..#.####
##.#####......#.......#.#
##............#.#.##..#.#
+...####.#.........#..#.#
###...##.#......#.##..#.# #
###.##.#..............#
#.##.#..#.#..#########
#####.##.#................
...............)@########.
#######..#.......g#
.........#......g.#
#######.##.######)# #.##.#
.# #..... .# #..... .# #..
.. .# ....


You could see 2 gnolls.

Vanquished Creatures
  2 gnolls (D:2)
  A dart slug (D:1)
  4 ball pythons (D:1)
  3 bats (D:1)
  2 endoplasms (D:1)
  2 giant cockroaches (D:1)
  2 hobgoblins (D:1)
  4 kobolds (D:1)
  A quokka (D:1)
  3 frilled lizards (D:1)
  6 goblins
  4 rats (D:1)
34 creatures vanquished.

Notes
Turn   | Place    | Note
-------+----------+-------------------------------------------
     0 | D:1      | qw the Deep Elf Hunter began the quest for the Orb.
     0 | D:1      | Reached XP level 1. HP: 12/12 MP: 3/3
     0 | D:1      | 0 ||| qw: Version: 0.3-a-9-g12657ce
     0 | D:1      | 0 ||| qw: Game counter: 2548
     0 | D:1      | 0 ||| qw: Always use a shield: true
     0 | D:1      | 0 ||| qw: God list: Okawaru
     0 | D:1      | 0 ||| qw: Allow faded altars: false
     0 | D:1      | 0 ||| qw: Do Orc after D:15 true
     0 | D:1      | 0 ||| qw: Do second Lair branch before Depths: true
     0 | D:1      | 0 ||| qw: Lair rune preference: random
     0 | D:1      | 0 ||| qw: Plans: Normal
     0 | D:1      | 0 ||| PLANNING D:1-11
   136 | D:1      | Reached skill level 6 in Ranged Weapons
   136 | D:1      | Reached XP level 2. HP: 16/16 MP: 4/4
   512 | D:1      | Reached XP level 3. HP: 20/20 MP: 5/5
   542 | D:1      | Found Nan Puen's General Store.
   553 | D:1      | 553 ||| SHOPLISTING ring of Eluyrghathe {rF+ EV+5} (700
                  | gold, have 28).
   553 | D:1      | 553 ||| SHOPLISTING scroll of teleportation (42 gold, have
                  | 28).
   660 | D:1      | 660 ||| UPGRADING to +0 ring mail.
   670 | D:1      | 670 ||| DROPPING +0 leather armour.
   671 | D:1      | 671 ||| READING scroll labelled HOVVID TOEMAO.
   672 | D:1      | 672 ||| READING scroll labelled TATIWN NUYDDEO.
   673 | D:1      | 673 ||| READING scroll labelled KOQAERUMECH.
   674 | D:1      | 674 ||| DROPPING scroll of butterflies.
   817 | D:2      | 817 ||| FLEEEEING.
   818 | D:2      | 818 ||| FLEEEEING.
   819 | D:2      | 819 ||| FLEEEEING.
   820 | D:2      | 820 ||| FLEEEEING.
   821 | D:2      | 821 ||| FLEEEEING.
   822 | D:2      | 822 ||| FLEEEEING.
   823 | D:2      | 823 ||| FLEEEEING.
   824 | D:2      | 824 ||| FLEEEEING.
   825 | D:2      | 825 ||| FLEEEEING.
   826 | D:2      | 826 ||| FLEEEEING.
   828 | D:2      | 828 ||| STAIRDANCE
   847 | D:2      | Identified the +1 spear of Enudgh {drain, rN+ Str+5}
   985 | D:2      | Reached skill level 7 in Ranged Weapons
   994 | D:2      | Slain by a gnoll

Levels and vault maps discovered:
D:1:      minmay_arrival_four_circles, layout_loops_ring, serial_shops, shop,
          serial_glass, glass_columns_a, glass_columns_a, minmay_ruptured
D:2:      layout_basic, uniq_robin, uniq_jessica

Skill      XL: |  1  2  3 |
---------------+----------+-----
Ranged Weapons | 6 7 |  7.2
Fighting       | |  1.5
Dodging        | |  2.4
Stealth        | |  1.2

Action                     || total
---------------------------++-------
   Fire: Shortbow          ||    76
    Use: Scroll            ||     3
 Armour: Ring mail         ||     4
  Dodge: Dodged            ||    15

Table legend:
 A = Non-vault XP
 B = Vault XP
 C = Vault XP percentage of total XP
 D = Non-vault monster count
 E = Vault monster count
 F = Vault count percentage of total count
                 A         B        C        D         E       F
            +---------+---------+-------+---------+---------+-------
      Total |      76 |       6 |   7.3 |      30 |       4 |  11.8
            +---------+---------+-------+---------+---------+-------
        D:1 |      45 |       6 |  11.8 |      27 |       4 |  12.9
        D:2 |      31 |       0 |   0.0 |       3 |       0 |   0.0
            +---------+---------+-------+---------+---------+-------
